 Dungeon Crawl Stone Soup version 0.31-a0-277-g31ea1f6 (webtiles) character file.

Game seed: 5156789611504341164

2 Dawnplanks the Changeling (level 1, 17/17 HPs)
             Began as a Draconian Shapeshifter on July 15, 2023.
             Quit the game on level 1 of the Dungeon.
             The game lasted 00:00:27 (102 turns).

Dawnplanks the Changeling (Draconian Shapeshifter)   Turns: 102, Time: 00:00:27

Health: 17/17      AC:  4    Str: 17    XL:     1   Next: 33%
Magic:  1/1        EV: 12    Int:  8    God:
Gold:   12         SH:  0    Dex: 11    Spells: 0/0 levels left

rFire   . . .        c - +0 falchion
rCold   . . .        (no shield)
rNeg    . . .        (body armour unavailable)
rPois   .            (helmet currently unavailable)
rElec   .            (cloak currently unavailable)
rCorr   .            (gloves currently unavailable)
SInv    .            (boots currently unavailable)
Will    .....        (no amulet)
Stlth   +            (no ring)
HPRegen 0.22/turn    (no ring)
MPRegen 0.07/turn

%: no passive effects
@: beast-form
A: beast (slay +2), AC +4, unfitting armour, cold-blooded
a: Begin Untransformation


You were on level 1 of the Dungeon.
You were a hulking beast.
You visited 1 branch of the dungeon, and saw 1 of its levels.

You collected 12 gold pieces.

Inventory:

Hand Weapons
 c - a +0 falchion (weapon)
Talismans
 b - a beast talisman
Potions
 a - a potion of lignification


   Skills:
 + Level 2.2 Fighting
 + Level 1.8 Dodging
 - Level 2.0 Unarmed Combat
 + Level 3.1 Shapeshifting


You couldn't memorise any spells.
You didn't know any spells.
Your spell library was empty.

Dungeon Overview and Level Annotations

Branches:
Dungeon (1/15)

Altars:


Innate Abilities, Weirdness & Mutations

You are a hulking beast.
Your limbs bulge with bestial killing power. (Slay +2)
Your plain brown scales are hard. (AC +4)
You cannot fit into any form of body armour.
You are cold-blooded and may be slowed by cold attacks.


Message History

A bat is nearby!
The bat hits you but does no damage.
You hit the bat.
The bat is severely wounded.
The bat hits you but does no damage. x2
You barely miss the bat.
The bat is moderately wounded.
The bat barely misses you. The bat misses you. x2
You closely miss the bat.
The bat is moderately wounded.
The bat hits you but does no damage.
You hit the bat.
You kill the bat!
You now have 12 gold pieces.
You enter the shallow water.
Moving in this stuff is going to be slow.
An endoplasm comes into view.
The endoplasm moves out of view.
There is a stone staircase leading down here.
A frilled lizard comes into view.
The frilled lizard hisses angrily.
The frilled lizard barely misses you.
You barely miss the frilled lizard. The frilled lizard bites you.
The frilled lizard barely misses you.
You barely miss the frilled lizard. The frilled lizard closely misses you.
You closely miss the frilled lizard.
Your tail-slap misses the frilled lizard.
The frilled lizard misses you.
You closely miss the frilled lizard. The frilled lizard misses you.
The frilled lizard barely misses you.
You hit the frilled lizard.
You kill the frilled lizard!
You see here a frilled lizard corpse.
No reachable target in view!
No reachable target in view!
The endoplasm quivers.
You enter the shallow water.
Moving in this stuff is going to be slow.
You see here a frilled lizard corpse.
Are you sure you want to abandon this character and quit the game? (Confirm with "yes".)

### #.. ....
.......### ... ....##
#. ≈~ ≈≈≈# # .≈#≈
≈#≈## ..##~#≈###≈#≈.##
...~#≈≈≈≈≈#~..## .
###~~~≈~J≈≈≈#†h####...
#.......######......#
#.......###.....#####
.#......†.>..#####
.........#####
##.......# ##.
#.......#########....
......................
##############......##


There were no monsters in sight!

Vanquished Creatures
  A hobgoblin (D:1)
  A bat (D:1)
  A frilled lizard (D:1)
3 creatures vanquished.

Notes
Turn   | Place    | Note
-------+----------+-------------------------------------------
     0 | D:1      | Dawnplanks the Draconian Shapeshifter began the quest for
                  | the Orb.
     0 | D:1      | Reached XP level 1. HP: 17/17 MP: 1/1
   102 | D:1      | Quit the game

Illustrated notes

Levels and vault maps discovered:
D:1:      dpeg_arrival_round_c, layout_rooms,
          shapermc_ecumenical_altar_starsandcircs, minmay_crystal_water

Action                     || total
---------------------------++-------
  Melee: Falchion          ||    12
 Armour: Skin              ||     5
  Dodge: Dodged            ||    10

Table legend: (Time is in decaauts)
 A = Elapsed time spent in this place.
 B = Non-inter-level travel time spent in this place.
 C = Inter-level travel time spent in this place.
 D = Time resting spent in this place.
 E = Time spent auto-exploring this place.
 F = Levels seen in this place.
 G = Mean time per level.
                   A        B        C        D        E       F      G
               +--------+--------+--------+--------+--------+-----+--------+
         Total |    106 |    103 |      3 |      0 |     67 |   1 |  106.0 |
       Dungeon |    106 |    103 |      3 |      0 |     67 |   1 |  106.0 |
               +--------+--------+--------+--------+--------+-----+--------+

Top non-repeatable levels by time:
     D:1: 106 daAuts
